 Dungeon Crawl Stone Soup version 0.27.1-1-g398f81649c (webtiles) character file.

Game seed: 3696455387755813401

95 safid the Chopper (level 4, 26/40 HPs)
             Began as a Hill Orc Fighter on Sept 12, 2021.
             Quit the game on level 3 of the Dungeon on Sept 17, 2021.
             The game lasted 00:04:22 (2166 turns).

safid the Chopper (Hill Orc Fighter)                Turns: 2166, Time: 00:04:23

Health: 26/40      AC: 12    Str: 19    XL:     4   Next: 66%
Magic:  4/4        EV:  7    Int:  8    God:
Gold:   40         SH:  9    Dex: 10    Spells: 3/3 levels left

rFire    . . .     SeeInvis .   a - +0 war axe
rCold    + . .     Faith    .   c - +0 kite shield
rNeg     . . .     Spirit   .   l - +1 scale mail {rC+}
rPois    .         Reflect  .   (no helmet)
rElec    .         Harm     .   (no cloak)
rCorr    .         Rampage  .   (no gloves)
Will     .....                  (no boots)
Stlth    ..........             (no amulet)
HPRegen  0.13/turn              g - +4 ring of protection
MPRegen  0.09/turn              (no ring)

@: no status effects
A: no striking features
a: Convert to Beogh


You were on level 3 of the Dungeon.
You visited 1 branch of the dungeon, and saw 3 of its levels.

You collected 40 gold pieces.

Inventory:

Hand Weapons
 a - a +0 war axe (weapon)
Armour
 c - a +0 kite shield (worn)
 l - a +1 scale mail of cold resistance (worn)
Jewellery
 g - a +4 ring of protection (left hand)
Scrolls
 b - 2 scrolls of magic mapping {unknown}
 e - a scroll of acquirement {unknown}
 k - a scroll of blinking {unknown}
Potions
 d - a potion of might
 f - a potion of invisibility {unknown}
 h - 2 potions of curing {unknown}
 i - a potion of brilliance {unknown}
 j - a potion of heal wounds {unknown}


   Skills:
 + Level 4.1 Fighting
 + Level 4.6 Axes
 + Level 3.9 Armour
 + Level 3.9 Shields


You had 3 spell levels left.
You didn't know any spells.
Your spell library contained the following spells:

 Spells                   Type           Power      Damage    Failure   Level
 Gell's Gravitas          Tloc           0%         N/A       100%        3
 Lesser Beckoning         Tloc           0%         N/A       100%        3
 Ozocubu's Armour         Ice            0%         N/A       100%        3
 Teleport Other           Tloc           0%         N/A       100%        3
 Ozocubu's Refrigeration  Ice            0%         4d5       100%        7


Dungeon Overview and Level Annotations

Branches:
Dungeon (3/15)

Altars:


Message History

You kill the goblin!
No target in view!
HP restored.
Things that are here:
a +0 dagger; a goblin corpse A dart slug comes into view.
Found a hunting sling.
The dart slug launches a dart at you. You block the slug dart.
The dart slug barely misses you.
You slash the dart slug!
You kill the dart slug!
No target in view!
Found a stone staircase leading up.
You see here a dart slug corpse.
There is a stone staircase leading up here.
You open the door.
An endoplasm comes into view.
The endoplasm quivers.
You slash the endoplasm!
You kill the endoplasm!
No target in view!
An orc and an orc priest come into view.
The orc priest threatens, "By the altar or by the axe, you will meet Beogh!" (press Y on the ability menu to convert to Beogh)
The orc priest shouts!
You hear a shout!
The orc priest mumbles some strange prayers to Beogh against you.
Beogh smites you!
There are monsters nearby!
Okay, then.
There are monsters nearby!
An orc priest comes into view.
It is wielding a +0 club and wearing a +1 ring mail of cold resistance.
The orc priest shouts!
You hear a shout! x2
An orc comes into view. It is wielding a +0 hand axe.
An orc comes into view. It is wielding a +0 dagger.
The orc priest moves out of view.
Unknown command.
Welcome back, safid the Hill Orc Fighter.
Press ? for a list of commands and other information.
Are you sure you want to abandon this character and quit the game? (Confirm with "yes".)

...........#<#'#.####...........#
...........†....................#
...............)............#....
..........................####...
..........#............... #...
........###............. #...
#....................... .....
#.....##................ .....
... .....####@.......
.................
......#.###....# ...o. #. ....#
... #. ....# o. #. ...# o #. ..#
#.


You could see an orc priest and 2 orcs.

Vanquished Creatures
  3 adders (D:2)
  2 worms (D:2)
  5 dart slugs
  5 endoplasms
  3 giant cockroaches
  5 goblins
  4 hobgoblins
  A quokka (D:1)
  6 ball pythons
  10 bats
  6 frilled lizards
  4 kobolds
  2 rats
56 creatures vanquished.

Vanquished Creatures (others)
  A plant (D:3)
1 creature vanquished.

Grand Total: 57 creatures vanquished

Notes
Turn   | Place    | Note
-------+----------+-------------------------------------------
     0 | D:1      | safid the Hill Orc Fighter began the quest for the Orb.
     0 | D:1      | Reached XP level 1. HP: 19/19 MP: 1/1
   188 | D:1      | Reached XP level 2. HP: 22/27 MP: 2/2
   789 | D:1      | Reached XP level 3. HP: 33/33 MP: 3/3
  1100 | D:2      | Found a faded altar of an unknown god.
  1344 | D:2      | Reached XP level 4. HP: 40/40 MP: 4/4
  2166 | D:3      | Quit the game

Illustrated notes

Levels and vault maps discovered:
D:1:      eino_arrival_cavern_b, layout_basic, kennysheep_boxes
D:2:      layout_basic, hellmonk_ecumenical_altar_slurped_away,
          grunt_decor_resistance, chequers_serial_rivers_room_a,
          minmay_pentomino_v2
D:3:      cheibrodos_pilgrimage, layout_basic, corexii_shack

Skill      XL: |  1  2  3 |
---------------+----------+-----
Axes           | 3 4 |  4.6
Fighting       | 4 |  4.1
Armour         | |  3.9
Shields        | |  3.9

Action                   |  1- 3 |  4- 6 || total
-------------------------+-------+-------++-------
Melee: War axe           |    94 |    47 ||   141
Armor: Scale mail        |    52 |    20 ||    72
Dodge: Dodged            |    28 |    19 ||    47
Block: Kite shield       |    65 |    22 ||    87
